 Dungeon Crawl Stone Soup version 0.25-a0-339-gb37b713d4c (console) character file.

Game seed: 11187297670965588554, levelgen mode: deterministic

14476 nht the Grappler (level 11, -5/111 HPs)
             Began as a Troll Monk on Dec 28, 2019.
             Was a High Priest of Okawaru.
             Slain by a fire bat (9 damage)
             ... in a volcano.
             The game lasted 00:15:10 (8573 turns).

nht the Grappler (Troll Monk)                       Turns: 8573, Time: 00:15:10

Health: -5/111     AC:  7    Str: 24    XL:     11   Next: 89%
Magic:  14/14      EV: 15    Int:  6    God:    Okawaru [*****.]
Gold:   390        SH:  0    Dex: 16    Spells: 10/10 levels left

rFire    . . .     SeeInvis .     - Unarmed
rCold    + . .     Gourm    +   (no shield)
rNeg     + . .     Faith    .   o - +1 robe {rN+}
rPois    .         Spirit   .   (helmet restricted)
rElec    .         Reflect  .   (no cloak)
rCorr    .         Harm     .   (gloves unavailable)
MR       .....                  (boots unavailable)
Stlth    +++.......             (no amulet)
HPRegen  0.68/turn              j - +4 ring of dexterity
MPRegen  0.14/turn              g - ring of protection from cold

@: heroism
A: large, unfitting armour, claws 3, fast metabolism 3, gourmand, regeneration
1, shaggy fur 1, tough skin 3
a: Heroism, Finesse, Renounce Religion


You were in a volcano.
You worshipped Okawaru.
Okawaru was extremely pleased with you.
You were very full.

You visited 3 branches of the dungeon, and saw 12 of its levels.
You also visited: Volcano.

You collected 462 gold pieces.
You spent 72 gold pieces at shops.

Inventory:

Missiles
 n - 61 poisoned darts
 s - 4 throwing nets
 t - 10 large rocks (quivered)
 B - 4 atropa-tipped darts
 G - 3 javelins
 H - 6 datura-tipped darts
Armour
 o - a +1 robe of positive energy (worn)
 w - a +2 robe of cold resistance
Jewellery
 f - an uncursed ring of stealth
 g - a ring of protection from cold (right claw)
 j - a +4 ring of dexterity (left claw)
Wands
 e - a wand of scattershot (5)
 v - a wand of flame (17)
 y - a wand of polymorph (10)
 C - a wand of digging (6)
 D - a wand of paralysis (15)
Scrolls
 c - 5 scrolls of identify
 k - 4 scrolls of enchant weapon
 l - 4 scrolls of magic mapping
 m - 7 scrolls of teleportation
 x - 2 scrolls of blinking
 z - a scroll of fog
Potions
 a - a potion of heal wounds
 d - a potion of haste
 h - 6 potions of curing
 i - a potion of flight
 p - a potion of cancellation
 q - 2 potions of resistance
 r - a potion of brilliance
 u - a potion of might
 A - 2 potions of magic
Comestibles
 b - 16 rations
 E - 6 chunks of flesh


   Skills:
 + Level 8.2(13.2) Fighting
 + Level 8.4(13.4) Throwing
 - Level 2.4(7.4) Dodging
 - Level 1.0(6.0) Stealth
 * Level 13.0(18.0) Unarmed Combat
 + Level 5.5 Invocations


You had 10 spell levels left.
You didn't know any spells.
Your spell library contained the following spells:

 Spells                   Type           Power        Failure   Level  Hunger
 Infusion                 Chrm           #...         45%         1    ##.....
 Sandblast                Erth           #.....       45%         1    ##.....
 Shock                    Conj/Air       #...         45%         1    ##.....
 Passwall                 Tmut/Erth      #.......     58%         2    ###....
 Shroud of Golubria       Chrm/Tloc      #.....       58%         2    ###....
 Song of Slaying          Chrm           #.......     58%         2    ###....
 Swiftness                Chrm/Air       #.......     58%         2    ###....
 Regeneration             Chrm/Necr      #.........   83%         3    ####...
 Spectral Weapon          Hex/Chrm       #.......     83%         3    ####...
 Static Discharge         Conj/Air       #.......     83%         3    ####...
 Stone Arrow              Conj/Erth      #.....       83%         3    ####...
 Airstrike                Air            #.........   99%         4    #####..
 Petrify                  Tmut/Erth      #.......     99%         4    #####..
 Lee's Rapid Deconstruct  Erth           #.........   100%        5    ######.
 Lightning Bolt           Conj/Air       #.........   100%        5    ######.


Dungeon Overview and Level Annotations

Branches:
Dungeon (9/15)             Temple (1/1) D:5            Lair (2/6) D:9
    Orc (0/2) D:9         Volcano (1/1)
  Swamp: Lair:2-4    Shoals: Lair:2-4     Snake: Lair:2-4    Spider: Lair:2-4

Altars:
Ashenzari
Cheibriados
Dithmenos
Elyvilon
Fedhas
Gozag
Hepliaklqana
Kikubaaqudgha
Makhleb
Nemelex Xobeh
Okawaru
Qazlal
Ru
Sif Muna
Trog
Uskayaw
Vehumet
Wu Jian
Xom
Yredelemnul
Zin
The Shining One

Shops:
D:5 ?


Innate Abilities, Weirdness & Mutations

You are too large for most types of armour.
You have claws for hands.
Your metabolism is lightning-fast.
You like to eat raw meat.
Your natural rate of healing is unusually fast.
You are covered in fur. (AC +1)
You have extremely tough skin. (AC +3)


Message History

The fire bat barely misses you.
You barely miss the fire bat.
The fire bat is severely wounded.
The fire bat bites you.
* * * LOW HITPOINT WARNING * * *
You are engulfed in flames.
* * * LOW HITPOINT WARNING * * *
The fire bat bites you.
* * * LOW HITPOINT WARNING * * *
You are engulfed in flames.
* * * LOW HITPOINT WARNING * * *
You completely miss the fire bat.
The fire bat is severely wounded.
The fire bat misses you.
You closely miss the fire bat.
The fire bat is severely wounded.
The fire bat bites you.
* * * LOW HITPOINT WARNING * * *
You are engulfed in flames!
You die... █████

█...█ ██.█.███
██.███..███
█.██∩███@b██
██.....███.█
███....██.██
██∩███...█
§.███.....██
≈§..§§SS....██
≈§≈§≈≈≈≈.§...█
≈≈≈§≈≈≈§§≈§...█
§≈§≈§≈≈§§§.......


You could see a fire bat.

Vanquished Creatures
  Harold (D:9)
  Fannar (Lair:1)
  A hydra (Lair:1)
  A two-headed ogre (D:9)
  Pikel (D:8)
  The ghost of zkyp the Insei, a novice DsGl (D:5)
  Psyche (D:9)
  3 spiny frogs (Lair:1)
  2 komodo dragons
  A troll (D:9)
  Prince Ribbit (D:5)
  2 hippogriffs
  Sigmund (D:3)
  A wyvern (Lair:2)
  A fire bat (Volcano)
  12 yaks (Lair:1)
  Grum (D:8)
  A water moccasin (Lair:1)
  3 porcupines (Lair:1)
  2 ice beasts
  4 orc warriors
  3 sky beasts
  2 slaves (D:8)
  8 ogres
  7 wolves
  3 crocodiles (Lair:1)
  A centaur (D:6)
  5 big kobolds
  7 gnoll sergeants (D:9)
  6 bullfrogs
  2 scorpions (D:8)
  A water moccasin skeleton (D:7)
  8 killer bees
  4 howler monkeys
  An electric eel (D:7)
  2 bullfrog zombies (D:6)
  3 crimson imps (D:7)
  A lava snake (Volcano)
  8 orc wizards
  A bullfrog skeleton (D:4)
  3 hounds
  A jelly (D:8)
  3 orc priests (D:9)
  2 centaur skeletons
  6 iguanas
  11 worker ants
  A killer bee zombie (D:7)
  A howler monkey zombie (D:8)
  2 worker ant zombies
  16 gnolls
  11 adders
  A shadow imp (D:8)
  3 oozes
  An adder zombie (D:6)
  3 adder skeletons
  3 worms
  5 dart slugs
  8 leopard geckos
  37 orcs
  3 bats
  6 giant cockroaches
  7 goblins
  8 hobgoblins
  2 jackals (D:1)
  6 quokkas
  3 ball pythons
  8 frilled lizards
  19 kobolds
  A leopard gecko zombie (D:5)
  4 quokka skeletons
  7 rats
307 creatures vanquished.

Vanquished Creatures (others)
  An orc (D:7)
  3 fungi (Lair:1)
  17 plants
21 creatures vanquished.

Grand Total: 328 creatures vanquished

Notes
Turn   | Place    | Note
-------+----------+-------------------------------------------
     0 | D:1      | nht the Troll Monk began the quest for the Orb.
     0 | D:1      | Reached XP level 1. HP: 22/22 MP: 0/0
    95 | D:1      | Reached XP level 2. HP: 29/29 MP: 1/1
   362 | D:1      | Reached skill level 1 in Throwing
   362 | D:1      | Reached XP level 3. HP: 36/36 MP: 2/2
  1089 | D:2      | Reached skill level 4 in Unarmed Combat
  1175 | D:2      | Reached XP level 4. HP: 43/44 MP: 3/3
  1412 | D:2      | Reached XP level 5. HP: 48/53 MP: 4/4
  1939 | D:3      | Noticed Sigmund
  1952 | D:3      | Killed Sigmund
  1952 | D:3      | Reached skill level 5 in Unarmed Combat
  1952 | D:3      | Reached XP level 6. HP: 61/61 MP: 5/5
  2880 | D:4      | Found a glowing golden altar of the Shining One.
  2962 | D:4      | Reached skill level 6 in Unarmed Combat
  2962 | D:4      | Reached XP level 7. HP: 68/68 MP: 6/6
  3580 | D:5      | Entered Level 5 of the Dungeon
  3647 | D:5      | Reached skill level 7 in Unarmed Combat
  3727 | D:5      | Found Gaptik's Magic Scroll Shoppe.
  3735 | D:5      | Bought a scroll of teleportation for 36 gold pieces
  3735 | D:5      | Bought a scroll of teleportation for 36 gold pieces
  3899 | D:5      | Noticed Prince Ribbit
  3920 | D:5      | Killed Prince Ribbit
  3920 | D:5      | Reached XP level 8. HP: 56/79 MP: 7/7
  3988 | D:5      | Found a staircase to the Ecumenical Temple.
  4276 | D:5      | Found a runed translucent gate.
  4276 | D:5      | Found a runed translucent gate.
  4276 | D:5      | Found a runed translucent gate.
  4276 | D:5      | Noticed zkyp's ghost (novice DsGl)
  4572 | D:5      | Killed zkyp's ghost
  4572 | D:5      | Reached skill level 5 in Fighting
  4572 | D:5      | Reached skill level 8 in Unarmed Combat
  4587 | D:6      | Found a burning altar of Makhleb.
  4663 | D:6      | Reached skill level 5 in Throwing
  4875 | D:6      | Reached XP level 9. HP: 50/88 MP: 8/8
  5096 | D:6      | Reached skill level 9 in Unarmed Combat
  5688 | D:7      | Reached skill level 10 in Unarmed Combat
  5925 | Temple   | Entered the Ecumenical Temple
  5994 | Temple   | Became a worshipper of Warmaster Okawaru
  5994 | Temple   | Reached * piety under Okawaru
  5994 | Temple   | Reached ** piety under Okawaru
  6111 | D:8      | Reached skill level 1 in Invocations
  6289 | D:8      | Reached XP level 10. HP: 99/100 MP: 10/10
  6381 | D:8      | Noticed Pikel
  6396 | D:8      | Killed Pikel
  6396 | D:8      | Reached *** piety under Okawaru
  6576 | D:8      | Noticed Grum
  6586 | D:8      | Killed Grum
  6897 | D:9      | Reached skill level 11 in Unarmed Combat
  6926 | D:9      | Found a staircase to the Lair.
  6950 | D:9      | Noticed Psyche
  6953 | D:9      | Killed Psyche
  7008 | D:9      | Noticed a two-headed ogre
  7011 | D:9      | Killed a two-headed ogre
  7011 | D:9      | Reached **** piety under Okawaru
  7284 | D:9      | Found a staircase to the Orcish Mines.
  7294 | D:9      | Received a gift from Okawaru
  7298 | D:9      | Received a gift from Okawaru
  7378 | D:9      | Noticed Harold
  7395 | D:9      | Killed Harold
  7395 | D:9      | Reached XP level 11. HP: 29/109 MP: 11/13
  7403 | D:9      | Reached ***** piety under Okawaru
  7691 | Lair:1   | Entered Level 1 of the Lair of Beasts
  7704 | Lair:1   | Noticed Fannar
  7712 | Lair:1   | Reached skill level 12 in Unarmed Combat
  7722 | Lair:1   | Received a gift from Okawaru
  7729 | Lair:1   | Killed Fannar
  7737 | Lair:1   | Received a gift from Okawaru
  7818 | Lair:1   | Noticed a six-headed hydra
  7827 | Lair:1   | Killed a six-headed hydra
  7975 | Lair:1   | Reached skill level 5 in Invocations
  7997 | Lair:1   | Received a gift from Okawaru
  8447 | Lair:1   | Reached skill level 13 in Unarmed Combat
  8530 | Lair:2   | Found a dark tunnel.
  8537 | Volcano  | Entered a volcano
  8573 | Volcano  | HP: 4/111 [fire bat (4)]
  8573 | Volcano  | Slain by a fire bat

Levels and vault maps discovered:
D:1:      elethiomel_arrival_shortcut, layout_loops_ring, nrook_campfire,
          solitary_fountain, chequers_big_river
D:2:      minmay_razor_zed, layout_basic, minmay_fountain_box
D:3:      layout_basic, hangedman_decor_points, minivault_14, uniq_sigmund
D:4:      layout_loops_corners, tso_metal_star, kennysheep_potato
D:5:      layout_layer_cave, minmay_temple_entry_butterflies, first_ration,
          ebering_ghost_rock_garden, serial_shops,
          nicolae_shop_temple_entry_statues_fountains, lexackson_kobold_supper,
          uniq_prince_ribbit1
D:6:      layout_loops_ring, basic_altar
D:7:      cheibrodos_helix_gallery, layout_gridville
D:8:      layout_rooms, uniq_pikel, uniq_grum
D:9:      layout_basic, david_lair_shrubbed,
          kennysheep_orc_monster_closet_entryway, hangedman_decor_opposing,
          uniq_harold, uniq_psyche
Temple:   dpeg_three_leaves_temple
Lair:1:   layout_loops_ring, grunt_megastairs_3, uniq_fannar
Lair:2:   layout_regular_city, lightli_volcano_entry_magma_tube,
          serial_bayou_shore_b, lemuel_fruit_tree
Volcano:  volcano_grotto [vgs_hot_hot_hot]

Skill      XL: |  1  2  3  4  5  6  7  8  9 10 11 |
---------------+----------------------------------+-----
Throwing       | 1 2 3 4 5 6 7 8 |  8.4
Unarmed Combat | 4 5 6 7 8 10 11 13 | 13.0
Fighting       | 3 4 5 6 7 8 |  8.2
Invocations    | 1 4 5 |  5.5
Dodging        | |  2.4
Stealth        | |  1.0

Action                   |  1- 3 |  4- 6 |  7- 9 | 10-12 || total
-------------------------+-------+-------+-------+-------++-------
Melee: Unarmed           |    70 |   143 |   254 |   235 ||   702
       Punch             |     2 |       |     6 |    19 ||    27
Throw: Dart              |       |       |    28 |    43 ||    71
       Large rock        |       |       |       |    24 ||    24
Invok: Heroism           |       |       |       |     6 ||     6
Evoke: Wand              |       |     4 |    28 |    16 ||    48
  Use: Scroll            |     4 |    10 |     9 |     3 ||    26
       Potion            |       |     2 |       |     3 ||     5
 Stab: Sleeping          |     3 |     6 |     4 |     2 ||    15
       Distracted        |       |       |     2 |       ||     2
       Confused          |       |       |       |     5 ||     5
  Eat: Chunk             |    16 |    17 |    30 |    20 ||    83
Armor: Robe              |    12 |    22 |    55 |    35 ||   124
       Skin              |       |    12 |       |    24 ||    36
Dodge: Dodged            |    23 |    69 |   117 |   104 ||   313

Table legend:
 A = Non-vault XP
 B = Vault XP
 C = Vault XP percentage of total XP
 D = Non-vault monster count
 E = Vault monster count
 F = Vault count percentage of total count
                 A         B        C        D         E       F
            +---------+---------+-------+---------+---------+-------
      Total |   13310 |    7370 |  35.6 |     250 |      55 |  18.0
            +---------+---------+-------+---------+---------+-------
        D:1 |      51 |       0 |   0.0 |      26 |       0 |   0.0
        D:2 |     148 |      35 |  19.1 |      25 |      12 |  32.4
        D:3 |      85 |     220 |  72.1 |      18 |       1 |   5.3
        D:4 |     638 |      33 |   4.9 |      28 |       1 |   3.4
        D:5 |     279 |     820 |  74.6 |      11 |       7 |  38.9
        D:6 |     740 |       0 |   0.0 |      21 |       0 |   0.0
        D:7 |    1426 |      34 |   2.3 |      24 |       2 |   7.7
        D:8 |    1411 |    1001 |  41.5 |      27 |       4 |  12.9
        D:9 |    1839 |    3282 |  64.1 |      37 |      23 |  38.3
     Lair:1 |    6492 |    1701 |  20.8 |      32 |       3 |   8.6
     Lair:2 |     201 |       0 |   0.0 |       1 |       0 |   0.0
    Volcano |       0 |     244 | 100.0 |       0 |       2 | 100.0
            +---------+---------+-------+---------+---------+-------
